 Dungeon Crawl Stone Soup version 0.28-a0-21-gf74fda84f9 (webtiles) character file.

Game seed: 11313157848741603156

201 ezpacito the Unweaver (level 5, 19/41 HPs)
             Began as a Demonspawn Abyssal Knight on July 25, 2021.
             Was a Follower of Lugonu.
             Quit the game on level 2 of the Dungeon on July 26, 2021.
             The game lasted 00:01:55 (1814 turns).

ezpacito the Unweaver (Demonspawn Abyssal Knight)   Turns: 1814, Time: 00:01:56

Health: 19/41      AC:  3    Str: 13    XL:     5   Next: 50%
Magic:  7/7        EV: 11    Int: 14    God:    Lugonu [*.....]
Gold:   82         SH:  0    Dex: 12    Spells: 6/6 levels left

rFire   . . .      SeeInvis .   a - +1 hand axe
rCold   . . .      Faith    .   (no shield)
rNeg    . . .      Spirit   .   b - +0 leather armour
rPois   .          Reflect  .   (helmet restricted)
rElec   .          Harm     .   (no cloak)
rCorr   .          Rampage  .   (no gloves)
Will    .....                   (no boots)
Stlth   +.........              (no amulet)
HPRegen 0.13/turn               (no ring)
MPRegen 0.20/turn               (no ring)

@: mighty, very slightly contaminated, invisible
A: antennae 1, ignite blood 1, magic regeneration, sanguine armour 1
a: Renounce Religion, Depart the Abyss


You were on level 2 of the Dungeon.
You worshipped Lugonu.
Lugonu was aware of your devotion.
You visited 1 branch of the dungeon, and saw 2 of its levels.
You visited the Abyss 1 time.

You collected 82 gold pieces.

Inventory:

Hand Weapons
 a - a +1 hand axe (weapon)
Missiles
 d - 37 stones (quivered)
Armour
 b - a +0 leather armour (worn)
 n - a +0 helmet
Scrolls
 e - a scroll of holy word {unknown}
 f - a scroll of immolation {unknown}
 g - 3 scrolls of magic mapping {unknown}
 i - a scroll of amnesia {unknown}
 l - 2 scrolls of identify {unknown}
 m - a scroll of teleportation {unknown}


   Skills:
 + Level 3.5 Fighting
 * Level 3.1 Axes
 + Level 1.0 Throwing
 + Level 2.4 Armour
 + Level 1.7 Dodging
 + Level 1.4 Spellcasting
 + Level 3.5 Invocations


You had 6 spell levels left.
You didn't know any spells.
Your spell library was empty.

Dungeon Overview and Level Annotations

Branches:
Dungeon (2/15)

Altars:


Innate Abilities, Weirdness & Mutations

You have a pair of small antennae on your head.
Your demonic aura sometimes causes spilled blood to erupt in flames.
You regenerate magic rapidly.
When seriously injured, your bleeding wounds create armour. (AC +0)


Message History

It was a potion of might.
You feel very mighty all of a sudden. Sigmund closely misses you.
You bump into the rock wall.
Sigmund closely misses you.
It was a potion of magic.
Magic courses through your body. Sigmund barely misses you.
It was a potion of curing.
You feel better. Sigmund casts a spell at you. The puff of flame hits you.
Sigmund hits you with a +0 scythe.
You slash Sigmund!
Sigmund is moderately wounded.
Sigmund is suddenly surrounded by pale red light.
Sigmund closely misses you. Sigmund hits you with a +0 scythe.
You closely miss Sigmund.
Sigmund is moderately wounded.
Sigmund closely misses you.
It was a potion of invisibility.
You fade into invisibility!
Sigmund closely misses you.
You are very lightly contaminated with residual magic.
You feel mightier all of a sudden. Sigmund misses you.
You slash Sigmund!
Sigmund is severely wounded.
Sigmund is engulfed in blazing flames.
You kill Sigmund!
Lugonu accepts your kill.
Your Axes skill increases to level 3!
Your Throwing skill increases to level 1!
Your Spellcasting skill increases to level 1!
Your Invocations skill increases to level 3!
You have reached level 4!
You feel clever.
Your demonic ancestry asserts itself...
A pair of antennae grows on your head!
Your +0 helmet falls away!
You have reached level 5!
Your demonic ancestry asserts itself...
You feel your blood ready itself to protect you.
Are you sure you want to abandon this character and quit the game? (Confirm with "yes".)

...####### ########
.##......#########......#
.#.................####.#
....###...#.#.###### #.#
............#.# #.#
#...#.#....##.# #.#
#...#.#....##.###### #.#
...)............†..# #.#
#.##..####.#....@°.####.####
...#.....# #.......#.......#
...#.###.#.........#.##.##.#
...#.# #.###.......#.##.##.#
####.###.# #.......#.##.##.#
.........# #.......#.##.##.#
#####.##############.##.##.#
#.#####...######.......#
#.......#.......###.####


There were no monsters in sight!

Vanquished Creatures
  Sigmund (D:2)
  An ufetubus (Abyss:1)
  2 dart slugs (D:1)
  2 endoplasms
  3 goblins (D:1)
  2 hobgoblins (D:1)
  4 jackals (D:1)
  5 kobolds (D:1)
  2 ball pythons (D:1)
  4 bats
  2 frilled lizards
  2 rats
30 creatures vanquished.

Notes
Turn   | Place    | Note
-------+----------+-------------------------------------------
     0 | Abyss:1  | ezpacito the Demonspawn Abyssal Knight began the quest for
                  | the Orb.
     0 | Abyss:1  | Reached XP level 1. HP: 18/18 MP: 2/2
    50 | Abyss:1  | Noticed an orange demon
   106 | Abyss:1  | Reached skill level 1 in Dodging
   106 | Abyss:1  | Noticed a chaos spawn
   108 | D:1      | Escaped the Abyss
   280 | D:1      | Gained mutation: You regenerate magic rapidly. [demonic
                  | ancestry]
   280 | D:1      | Reached XP level 2. HP: 19/24 MP: 3/3
   693 | D:1      | Reached * piety under Lugonu
   892 | D:1      | Gained mutation: Your demonic aura sometimes causes spilled
                  | blood to erupt in flames. [demonic ancestry]
   892 | D:1      | Reached XP level 3. HP: 26/29 MP: 5/5
  1504 | D:1      | Upgraded the game from 0.28-a0-10-g964c8b829e to
                  | 0.28-a0-21-gf74fda84f9
  1798 | D:2      | Noticed Sigmund
  1813 | D:2      | Killed Sigmund
  1814 | D:2      | Reached skill level 1 in Throwing
  1814 | D:2      | Reached skill level 1 in Spellcasting
  1814 | D:2      | Gained mutation: You have a pair of small antennae on your
                  | head. [demonic ancestry]
  1814 | D:2      | Reached XP level 4. HP: 16/35 MP: 6/6
  1814 | D:2      | Gained mutation: When seriously injured, your bleeding
                  | wounds create armour. (AC +0) [demonic ancestry]
  1814 | D:2      | Reached XP level 5. HP: 19/41 MP: 7/7
  1814 | D:2      | Quit the game

Illustrated notes

Levels and vault maps discovered:
D:1:      dpeg_arrival_pits, layout_loops_ring, minmay_tromino_i4
D:2:      layout_loops_cross, uniq_sigmund

Skill      XL: |  1  2  3 |
---------------+----------+-----
Dodging        | 1 |  1.7
Axes           | 2 3 |  3.1
Armour         | 2 |  2.4
Throwing       | 1 |  1.0
Spellcasting   | 1 |  1.4
Invocations    | 3 |  3.5
Fighting       | |  3.5

Action                   |  1- 3 |  4- 6 || total
-------------------------+-------+-------++-------
Melee: Hand axe          |    95 |       ||    95
Invok: Depart the Abyss  |     1 |       ||     1
  Use: Potion            |     5 |       ||     5
Armor: Leather armour    |    34 |       ||    34
Dodge: Dodged            |    75 |       ||    75

Table legend: (Time is in decaauts)
 A = Elapsed time spent in this place.
 B = Non-inter-level travel time spent in this place.
 C = Inter-level travel time spent in this place.
 D = Time resting spent in this place.
 E = Time spent auto-exploring this place.
 F = Levels seen in this place.
 G = Mean time per level.
                   A        B        C        D        E       F      G
               +--------+--------+--------+--------+--------+-----+--------+
         Total |   1832 |   1810 |     22 |    320 |   1220 |   3 |  610.7 |
       Dungeon |   1722 |   1700 |     22 |    320 |   1170 |   2 |  861.0 |
         Abyss |    109 |    109 |      0 |      0 |     50 |   1 |  109.0 |
               +--------+--------+--------+--------+--------+-----+--------+

Top non-repeatable levels by time:
     D:1: 1432 daAuts
     D:2: 290 daAuts
 Abyss:1: 109 daAuts
